 Dungeon Crawl Stone Soup version 0.31-a0-640-g39d97e502b (webtiles) character file.

Game seed: 9680542152927726075

16564 Midn8 the Martial Artist (level 12, -11/92 HPs)
             Began as a Vampire Warper on Aug 28, 2023.
             Was a Priest of Lugonu.
             Mangled by Snorg (18 damage)
             ... on level 11 of the Dungeon.
             The game lasted 00:31:35 (10445 turns).

Midn8 the Martial Artist (Vampire Warper)          Turns: 10445, Time: 00:31:36

Health: -11/92     AC: 20    Str: 20    XL:     12   Next: 11%
Magic:  18/18      EV: 13    Int: 16    God:    Lugonu [***...]
Gold:   580        SH:  4    Dex: 14    Spells: 13/15 levels left

rFire   . .          .
                       - Unarmed
rCold   . . .        H - +0 buckler
rNeg    . . .        t - +4 chain mail
rPois   .            n - +2 helmet
rElec   .            O - scarf {repulsion}
rCorr   .            (no gloves)
SInv    +            p - +2 pair of boots
Will    +....        D - amulet of magic regeneration Stlth
                     R - +5 ring of evasion
HPRegen 0.55/turn    P - +6 ring of strength
MPRegen 0.56/turn

%: repel missiles
@: healing quickly
A: alive, fangs 3, see invisible, vampiric 2
a: Exsanguinate, Renounce Religion, Depart the Abyss, Banish


You were on level 11 of the Dungeon.
You worshipped Lugonu.
Lugonu was most pleased with you.
You visited 1 branch of the dungeon, and saw 11 of its levels.
You also visited: Ossuary.

You collected 580 gold pieces.

Inventory:

Hand Weapons
 m - a +0 sling of electrocution
 y - a +0 flail
Missiles
 c - 5 darts of dispersal
 h - 6 javelins
 k - 62 stones
 o - 3 throwing nets
 w - 38 poisoned darts (quivered)
 T - 2 boomerangs
 W - a curare-tipped dart
Armour
 a - a +0 leather armour
 n - a +2 helmet (worn)
 p - a +2 pair of boots (worn)
 q - a +0 chain mail
 r - a +0 plate armour
 t - a +4 chain mail (worn)
 H - a +0 buckler (worn)
 O - a scarf of repulsion (worn)
 Q - a +0 cloak
Jewellery
 D - an amulet of magic regeneration (around neck)
 J - a +6 ring of intelligence
 N - a ring of poison resistance
 P - a +6 ring of strength (right hand)
 R - a +5 ring of evasion (left hand)
 U - a ring of wizardry
Wands
 z - a wand of mindburst (23)
 A - a wand of paralysis (4)
 C - a wand of quicksilver (12)
 G - a wand of polymorph (12)
 S - a wand of iceblast (8)
Scrolls
 b - 2 scrolls of blinking
 d - 2 scrolls of enchant weapon {unknown}
 g - 3 scrolls of poison
 j - 2 scrolls of fear {unknown}
 s - 4 scrolls of teleportation
 u - a scroll of brand weapon
 x - 2 scrolls of fog
 B - a scroll of butterflies {unknown}
 I - 2 scrolls of noise {unknown}
 V - a scroll of acquirement {unknown}
 Y - 2 scrolls of identify
Potions
 e - 5 potions of heal wounds
 f - a potion of lignification {unknown}
 i - a potion of resistance {unknown}
 l - 8 potions of curing
 v - 5 potions of mutation {unknown}
 E - 2 potions of might {unknown}
 F - 3 potions of berserk rage
 K - 2 potions of haste {unknown}
 L - 3 potions of magic
 M - 2 potions of attraction {unknown}
 X - a potion of degeneration {unknown}


   Skills:
 + Level 8.0 Fighting
 - Level 0.7 Throwing
 - Level 4.4 Armour
 - Level 2.1 Dodging
 - Level 14.0 Unarmed Combat
 - Level 2.0 Spellcasting
 - Level 2.4 Translocations
 - Level 9.0 Invocations
 - Level 6.0 Evocations


You had 13 spell levels left.
You knew the following spells:

 Your Spells              Type           Power      Damage    Failure   Level
B - Blink                 Tloc           18%        N/A       73%         2

Your spell library contained the following spells:

 Spells                   Type           Power      Damage    Failure   Level
 Lesser Beckoning         Tloc           18%        N/A       73%         2
 Magic Dart               Conj           4%         1d3       88%         1
 Teleport Other           Tloc           9%         N/A       91%         3
 Portal Projectile        Hex/Tloc       10%        N/A       98%         3
 Volatile Blastmotes      Fire/Tloc      10%        2d10      98%         3
 Dazzling Flash           Conj/Hex       2%         N/A       99%         3
 Ozocubu's Armour         Ice            1%         N/A       99%         3
 Tukima's Dance           Hex            1%         N/A       99%         3
 Iskenderun's Mystic Bla  Conj/Tloc      5%         2d3       100%        4
 Manifold Assault         Tloc           9%         N/A       100%        4
 Vhi's Electric Charge    Tloc/Air       10%        N/A       100%        4
 Starburst                Conj/Fire      0%         6d3       100%        6
 Haunt                    Necr/Summ      0%         N/A       100%        7
 Ozocubu's Refrigeration  Ice            0%         4d7       100%        7
 Maxwell's Capacitive Co  Air            0%         ∞         100%        8
 Borgnjor's Revivificati  Necr           Unusable   N/A       N/A         8
 Death's Door             Necr           Unusable   N/A       N/A         9

Dungeon Overview and Level Annotations

Branches:
Dungeon (11/15)            Temple (0/1) D:7            Lair (0/5) D:9
    Orc (0/2) D:10        Ossuary (visited)

Altars:
Ashenzari
Cheibriados
Hepliaklqana
Kikubaaqudgha
Nemelex Xobeh
Okawaru
Sif Muna
Trog
Uskayaw
Vehumet
Wu Jian
Yredelemnul
Lugonu

Annotations:
D:4 exclusion: door
D:5 1 runed translucent door, Plaidstone's ghost, novice OgCj
D:10 3 runed translucent doors, hgbash's ghost, novice TrSh; knightboat's ghost, journeyman VSFi; turgid's ghost, novice MiBe; zenocrate's ghost, journeyman OpSh
D:11 Snorg
Abyss:1 Maggie


Innate Abilities, Weirdness & Mutations

Your natural rate of healing is accelerated.
You have razor-sharp teeth.
You have supernaturally acute eyesight. (SInv)
You are afflicted with vampirism and can become a bat while bloodless.


Message History

You punch Snorg!
Snorg is heavily wounded.
Snorg goes berserk!
You closely miss Snorg.
Snorg is heavily wounded.
Snorg bites you! Snorg claws you. Snorg claws you but does no damage.
You punch Snorg!
Snorg is heavily wounded.
Snorg bites you! Snorg claws you but does no damage. Snorg closely misses you.
Snorg bites you but does no damage. Snorg misses you. Snorg closely misses you.
You hit Snorg.
Snorg is heavily wounded.
You block Snorg's attack. Snorg claws you but does no damage. x2
You closely miss Snorg.
Snorg is heavily wounded.
Snorg bites you but does no damage. You block Snorg's attack. Snorg claws you.
You pummel Snorg!!
Snorg is severely wounded.
Snorg closely misses you. Snorg claws you but does no damage. x2
You hit Snorg.
Snorg is severely wounded.
Snorg bites you! Snorg claws you. You block Snorg's attack.
You barely miss Snorg.
Snorg is severely wounded.
Snorg closely misses you. Snorg misses you. Snorg claws you but does no damage.
You pummel Snorg!!
Snorg is almost dead.
Snorg bites you! Snorg claws you!
* * * LOW HITPOINT WARNING * * *
You block Snorg's attack. x2; Snorg claws you.
* * * LOW HITPOINT WARNING * * *
Snorg barely misses you.
Aiming: Quicksilver Bolt
Press: ? - help, Shift-Dir - straight line, f - Snorg
Aim: Snorg (almost dead, berserk, 74% to hit)
The bolt of dispelling energy misses Snorg.
Snorg bites you!
* * * LOW HITPOINT WARNING * * *
Snorg closely misses you. Snorg claws you!!
You die...

.......#....########...##.##.....
.....#####.## #...##.####...
###### #.# #...##.####<#.
#########.# #...##......##
##.........# #....#########
#...######## #....#### # .....##
#.......# # ......#
######.......# # ......#
#.@.....#.##.## ......#
#T####........# .....## #.
#..#.##..# #...## #. #........#
##### #. ##.......# #. ###.###.#
#. ####...###.# .. #.......##.#
#.......##.#


You could see Snorg (berserk).

Vanquished Creatures
  Gastronok (D:8)
  Harold (D:9)
  A centaur warrior (D:11)
  A manticore (D:11)
  2 cyclopes (D:11)
  Maurice (D:10)
  A gargoyle (D:11)
  Psyche (D:11)
  A rime drake (D:9)
  2 komodo dragons (D:11)
  A kobold demonologist (D:9)
  A troll (D:10)
  A centaur simulacrum (D:11)
  A shadow (D:8)
  2 wraiths
  3 wyverns
  Grum (D:10)
  A basilisk (D:11)
  10 yaks
  4 vampire mosquitoes (D:11)
  2 acid dragons
  A water moccasin (D:7)
  2 black bears
  7 ice beasts
  2 sky beasts
  An ogre (D:5)
  4 centaurs
  6 wolves
  An elf zombie (Ossuary)
  3 kobold brigands
  2 phantoms
  A bullfrog (D:6)
  3 wights (D:8)
  5 howler monkeys
  3 hounds
  A jelly (D:4)
  3 orc priests
  A sleepcap (D:6)
  Ijyb (D:3)
  2 iguanas
  7 orc wizards
  4 mummies (Ossuary)
  7 gnolls
  9 adders
  A shadow imp (D:8)
  2 white imps (D:5)
  An ufetubus (D:4)
  3 worms
  2 dart slugs
  28 orcs
  7 endoplasms
  5 giant cockroaches
  4 goblins
  6 hobgoblins
  2 quokkas (D:4)
  8 ball pythons
  4 bats
  3 frilled lizards
  3 gnoll zombies (Ossuary)
  2 goblin zombies (Ossuary)
  A hobgoblin zombie (Ossuary)
  21 kobolds
  2 kobold zombies (Ossuary)
  An orc zombie (Ossuary)
  2 rat zombies (Ossuary)
223 creatures vanquished.

Notes
Turn   | Place    | Note
-------+----------+-------------------------------------------
     0 | D:1      | Midn8 the Vampire Warper began the quest for the Orb.
     0 | D:1      | Reached XP level 1. HP: 16/16 MP: 3/3
   696 | D:2      | Reached skill level 3 in Unarmed Combat
   701 | D:2      | Reached XP level 2. HP: 22/22 MP: 5/5
   943 | D:2      | Gained mutation: You are afflicted with vampirism and can
                  | become a bat while bloodless. [Vampire growth]
   943 | D:2      | Reached XP level 3. HP: 25/27 MP: 6/6
   999 | D:2      | Reached skill level 4 in Unarmed Combat
  1167 | D:2      | Learned a level 2 spell: Blink
  1346 | D:2      | Reached XP level 4. HP: 29/33 MP: 7/7
  1855 | D:3      | Found a faded altar of an unknown god.
  1861 | D:3      | Prayed at the altar of an unknown god.
  1861 | D:3      | Became a worshipper of Lugonu the Unformed
  1861 | D:3      | Reached * piety under Lugonu
  1934 | D:3      | Reached skill level 5 in Unarmed Combat
  2055 | D:3      | Found an ornate altar of the Wu Jian Council.
  2263 | D:3      | Reached XP level 5. HP: 38/38 MP: 8/8
  2588 | D:4      | Reached skill level 6 in Unarmed Combat
  2724 | D:4      | Reached ** piety under Lugonu
  2769 | D:4      | Found a bloodstained altar of Trog.
  2770 | D:4      | Found a broken altar of Ashenzari.
  2770 | D:4      | Noticed a black bear
  2835 | D:4      | Noticed Ijyb
  2877 | D:4      | Noticed a phantom
  2903 | D:3      | Killed Ijyb
  3026 | D:3      | Reached XP level 6. HP: 36/47 MP: 9/9
  3411 | D:4      | Found a sparkling altar of Nemelex Xobeh.
  3631 | D:4      | Found a shimmering blue altar of Sif Muna.
  3631 | D:4      | Found an ancient bone altar of Kikubaaqudgha.
  3633 | D:4      | Found a radiant altar of Vehumet.
  3640 | D:4      | Got Vehumet's Compendium of Outbursts
  3760 | D:5      | Entered Level 5 of the Dungeon
  3790 | D:5      | Found a runed translucent door.
  3790 | D:5      | Noticed a komodo dragon
  3790 | D:5      | Noticed Plaidstone's ghost (novice OgCj)
  3828 | D:5      | Reached skill level 7 in Unarmed Combat
  3828 | D:5      | Reached XP level 7. HP: 54/54 MP: 10/10
  4077 | D:5      | Reached skill level 8 in Unarmed Combat
  4355 | D:6      | Noticed a yak
  4357 | D:6      | Noticed a yak
  4357 | D:6      | Noticed a yak
  4468 | D:6      | Reached *** piety under Lugonu
  4530 | D:5      | Reached skill level 9 in Unarmed Combat
  4617 | D:6      | Reached XP level 8. HP: 57/61 MP: 11/11
  4626 | D:6      | Reached skill level 5 in Fighting
  4634 | D:6      | Found a sand-covered staircase.
  4638 | Ossuary  | Entered an ossuary
  4972 | D:6      | Reached skill level 1 in Invocations
  5175 | D:6      | Reached skill level 5 in Invocations
  5175 | D:6      | Reached XP level 9. HP: 41/69 MP: 4/12
  5359 | D:6      | Found an iron altar of Okawaru.
  5482 | D:6      | Found a snail-covered altar of Cheibriados.
  5900 | D:7      | Reached skill level 10 in Unarmed Combat
  6077 | D:7      | Found a staircase to the Ecumenical Temple.
  6354 | D:8      | Found a basalt altar of Yredelemnul.
  6381 | D:8      | Reached skill level 1 in Armour
  6422 | D:8      | Found a hide-covered altar of Uskayaw.
  6499 | D:8      | Noticed Gastronok
  6707 | D:8      | Killed Gastronok
  6708 | D:8      | Reached skill level 11 in Unarmed Combat
  6708 | D:8      | Reached XP level 10. HP: 72/79 MP: 14/14
  7034 | D:8      | Identified the +0 helmet of the Dice {rF+}
  7556 | D:9      | Reached skill level 1 in Evocations
  7571 | D:9      | Reached **** piety under Lugonu
  7691 | D:9      | Found a staircase to the Lair.
  8177 | D:10     | Entered Level 10 of the Dungeon
  8178 | D:10     | Noticed Harold
  8195 | D:9      | Killed Harold
  8196 | D:9      | Reached skill level 5 in Evocations
  8227 | D:10     | Noticed a boulder beetle
  8228 | D:10     | Banished a boulder beetle
  8229 | D:10     | Reached XP level 11. HP: 86/86 MP: 10/15
  8231 | D:10     | Noticed Maggie
  8232 | D:10     | Banished Maggie
  8247 | D:10     | Found a hazy altar of Hepliaklqana.
  8257 | D:10     | Found a runed translucent gate.
  8257 | D:10     | Noticed turgid's ghost (novice MiBe)
  8258 | D:10     | Found a runed translucent gate.
  8258 | D:10     | Found a runed translucent gate.
  8258 | D:10     | Noticed knightboat's ghost (journeyman VSFi)
  8259 | D:10     | Noticed zenocrate's ghost (journeyman OpSh)
  8259 | D:10     | Noticed hgbash's ghost (novice TrSh)
  8283 | D:10     | Noticed Maurice
  8300 | D:10     | Killed Maurice
  8596 | D:10     | Noticed a two-headed ogre
  8598 | D:10     | Banished a two-headed ogre
  8754 | D:10     | Found a staircase to the Orcish Mines.
  9003 | D:10     | Noticed Grum
  9035 | D:10     | Killed Grum
  9471 | D:11     | Noticed a two-headed ogre
  9472 | D:11     | Banished a two-headed ogre
  9932 | D:11     | Noticed a centaur warrior
  9950 | D:11     | Killed a centaur warrior
  9951 | D:11     | Reached skill level 12 in Unarmed Combat
  9953 | D:11     | Noticed a boulder beetle
  9972 | D:11     | Noticed a two-headed ogre
  9972 | D:11     | Noticed a boulder beetle
  9973 | D:11     | Banished a boulder beetle
  9974 | D:11     | Banished a two-headed ogre
 10042 | D:11     | Reached skill level 13 in Unarmed Combat
 10229 | D:11     | Banished a boulder beetle
 10291 | D:11     | Reached XP level 12. HP: 90/92 MP: 18/18
 10424 | D:11     | Noticed Snorg
 10424 | D:11     | Noticed Psyche
 10432 | D:11     | Killed Psyche
 10433 | D:11     | Reached skill level 14 in Unarmed Combat
 10445 | D:11     | Mangled by Snorg

Illustrated notes

Levels and vault maps discovered:
D:1:      heliophobic_arrival_ceremonial_halls, layout_basic,
          grunt_decor_one_mirror
D:2:      layout_basic, wad_orctagon
D:3:      layout_basic, nicolae_overflow_crystal_walls,
          dreamdust_ecumenical_altar_angels_and_demons
D:4:      layout_cave_pools, grunt_temple_overflow_magic_moments, zin_treasury,
          gammafunk_temple_overflow_pools, nemelex_spade_bored_becter,
          serial_column_ruins, column_ruins_open_medium,
          column_ruins_corridor_corner, column_ruins_grid_1,
          column_ruins_open_small_water, column_ruins_columns_straight,
          column_ruins_open_tiny, chequers_avenue, grunt_ministairs_1,
          reono_crystal_passage, hangedman_decor_diamond_cutter, uniq_ijyb
D:5:      layout_rooms, ebering_ghost_inner_flame
D:6:      layout_rooms, okawaru_trees_2, cheibriados_altar_1, enter_ossuary_5,
          patterned_corridor
D:7:      layout_basic, lemuel_crystal_altar, minmay_temple_entry_glass,
          minmay_misc_feat_square
D:8:      layout_loops_ring, grunt_temple_overflow_open, uniq_gastronok
D:9:      layout_basic, hellmonk_lair_entry_icy
D:10:     layout_grid_maze, mainiacjoe_overflow_catwalk, orc_0_dummy,
          gammafunk_ghost_cemetery, uniq_harold, uniq_maurice, uniq_maggie,
          uniq_grum
D:11:     cheibrodos_barr_body, layout_loops_cross, uniq_snorg, uniq_psyche

Skill      XL: |  1  2  3  4  5  6  7  8  9 10 11 12 |
---------------+-------------------------------------+-----
Unarmed Combat | 3 4 5 6 7 9 11 13 14 | 14.0
Fighting       | 3 4 6 7 8 |  8.0
Invocations    | 5 6 9 |  9.0
Armour         | 2 4 |  4.4
Evocations     | 6 |  6.0
Throwing       | |  0.7
Dodging        | |  2.1
Spellcasting   | |  2.0
Translocations | |  2.4

Action                     |  1- 3 |  4- 6 |  7- 9 | 10-12 || total
---------------------------+-------+-------+-------+-------++-------
  Melee: Unarmed           |   113 |   215 |   318 |   396 ||  1042
         Punch             |     3 |     5 |       |       ||     8
         Bite              |     7 |    21 |    45 |    69 ||   142
  Throw: Dart              |     1 |     6 |    38 |     1 ||    46
         Javelin           |       |     1 |       |       ||     1
         Stone             |       |       |     3 |       ||     3
 Invoke: Banish            |       |       |     2 |    10 ||    12
  Evoke: Wand              |       |       |       |     4 ||     4
    Use: Scroll            |       |     2 |     7 |     4 ||    13
   Stab: Paralysed         |       |       |       |     1 ||     1
 Armour: Leather armour    |    28 |     1 |       |       ||    29
         Chain mail        |       |   128 |   185 |   182 ||   495
  Dodge: Dodged            |    49 |    51 |    76 |   207 ||   383
         Repelled          |       |       |       |     5 ||     5
  Block: Buckler           |       |     2 |    51 |    73 ||   126

Table legend: (Time is in decaauts)
 A = Elapsed time spent in this place.
 B = Non-inter-level travel time spent in this place.
 C = Inter-level travel time spent in this place.
 D = Time resting spent in this place.
 E = Time spent auto-exploring this place.
 F = Levels seen in this place.
 G = Mean time per level.
                   A        B        C        D        E       F      G
               +--------+--------+--------+--------+--------+-----+--------+
         Total |  10335 |   9929 |    406 |   1792 |   5339 |  12 |  861.2 |
       Dungeon |  10055 |   9649 |    406 |   1718 |   5331 |  11 |  914.1 |
       Ossuary |    279 |    279 |      0 |     74 |      8 |   1 |  279.0 |
               +--------+--------+--------+--------+--------+-----+--------+

Top non-repeatable levels by time:
    D:10: 1161 daAuts
     D:3: 1153 daAuts
     D:8: 1083 daAuts
     D:2: 1058 daAuts
    D:11: 1034 daAuts
     D:6: 906 daAuts
     D:4: 855 daAuts
     D:5: 781 daAuts
     D:9: 779 daAuts
     D:1: 675 daAuts
     D:7: 566 daAuts
 Ossuary: 279 daAuts
